[Event "Titled Tuesday Blitz November 15 Early 2022"]
[White "Samarth, J Rao"]
[Black "Johnson, Ben"]
[WhiteFideId "46652370"]
[BlackFideId "2010917"]
[WhiteElo "1564"]
[BlackElo "2125"]
[Result "1-0"]
[Round "06"]
[TimeControl "180+1"]
[Date "2022.11.16"]
[WhiteClock "0:02:24"]
[BlackClock "0:00:21"]

1. c4 e6 2. d4 d5 3. Nf3 Nf6 4. g3 dxc4 5. Bg2 c5 6. O-O Nc6 7. dxc5 Qxd1 8. Rxd1 Bxc5 9. Nbd2 c3 10. bxc3 O-O 11. Nb3 Be7 12. Nfd4 Bd7 13. e4 Rfd8 14. Bg5 h6 15. Bf4 Rac8 16. e5 Nh5 17. Nxc6 Bxc6 18. Rxd8+ Rxd8 19. Be3 Bxg2 20. Kxg2 f6 21. g4 fxe5 22. gxh5 b6 23. Kf3 Rd3 24. Rc1 Kf7 25. Ke4 Rd5 26. c4 Rd7 27. c5 bxc5 28. Nxc5 Rc7 29. Nd3 Rb7 30. Nxe5+ Kf6 31. Rg1 Rb4+ 32. Bd4 g5 33. hxg6 Kg7 34. Nc6+ 1-0


[Site "https://www.chess.com"]

[Event "Titled Tuesday Blitz November 15 Early 2022"]
[White "Santos Flores, Alberto"]
[Black "Gutkin, Ilya"]
[WhiteFideId "3601234"]
[BlackFideId "16203470"]
[WhiteElo "2235"]
[BlackElo "2265"]
[Result "0-1"]
[Round "06"]
[TimeControl "180+1"]
[Date "2022.11.16"]
[WhiteClock "0:02:50"]
[BlackClock "0:02:38"]

1. e4 e6 2. d4 d5 3. Nc3 Nf6 4. e5 Nfd7 5. Nce2 c5 6. c3 Nc6 7. Nf3 f6 8. exf6 Qxf6 9. g3 Qxf3 10. Rg1 Qf7 11. Bg2 cxd4 12. cxd4 Bb4+ 13. Bd2 O-O 14. a3 Qxf2# 0-1


[Site "https://www.chess.com"]

[Event "Titled Tuesday Blitz November 15 Early 2022"]
[White "Santos Ruiz, Miguel"]
[Black "Yu, Yangyi"]
[WhiteFideId "22291482"]
[BlackFideId "8603820"]
[WhiteElo "2503"]
[BlackElo "2808"]
[Result "0-1"]
[Round "06"]
[TimeControl "180+1"]
[Date "2022.11.15"]
[WhiteClock "0:00:02"]
[BlackClock "0:00:07"]

1. e4 e5 2. Nf3 Nc6 3. Bc4 Nf6 4. d3 Bc5 5. O-O d6 6. c3 a5 7. Re1 O-O 8. h3 Be6 9. Bb5 Ba7 10. d4 Ne7 11. Bd3 Ng6 12. Be3 Nh5 13. Nbd2 Nhf4 14. Bf1 h6 15. Kh2 Qc8 16. dxe5 dxe5 17. Nxe5 Bxe3 18. fxe3 Nxe5 19. exf4 Nc6 20. Nf3 Qd8 21. Qxd8 Raxd8 22. f5 Bc8 23. Rad1 Rfe8 24. Bb5 Bd7 25. g4 Ne5 26. Nxe5 Bxb5 27. Rxd8 Rxd8 28. Nf3 Rd3 29. Kg3 a4 30. a3 c5 31. Kf2 Kf8 32. Re2 Bc6 33. Kg3 Ke7 34. Kf4 g5+ 35. Kg3 Bb5 36. Rd2 Re3 37. Rd5 Bc6 38. Re5+ Kd6 0-1


[Site "https://www.chess.com"]

[Event "Titled Tuesday Blitz November 15 Early 2022"]
[White "Sarana, Alexey"]
[Black "Boros, Denes"]
[WhiteFideId "24133795"]
[BlackFideId "722340"]
[WhiteElo "2708"]
[BlackElo "2464"]
[Result "1/2-1/2"]
[Round "06"]
[TimeControl "180+1"]
[Date "2022.11.15"]
[WhiteClock "0:00:10"]
[BlackClock "0:00:20"]

1. c4 c5 2. Nf3 g6 3. d4 Bg7 4. e4 cxd4 5. Nxd4 Nf6 6. Nc3 Nc6 7. Be3 Ng4 8. Qxg4 Nxd4 9. Qd1 Nc6 10. Qd2 Qa5 11. Nd5 Qxd2+ 12. Kxd2 O-O 13. Rb1 d6 14. Be2 e6 15. Nc7 Rb8 16. Nb5 d5 17. cxd5 exd5 18. exd5 Rd8 19. Bf3 a6 20. Nc3 Bf5 21. Rbd1 Ne5 22. Be2 b5 23. a3 b4 24. axb4 Rxb4 25. Kc1 Nc4 26. Bxc4 Rxc4 27. d6 Be5 28. Rd5 Bxc3 29. bxc3 Rxc3+ 30. Kb2 Rc6 31. Rhd1 f6 32. f3 Rb8+ 33. Ka1 Rc3 34. Bc5 Rc4 35. Ba3 Ra4 36. Ka2 Be6 37. d7 Rd8 38. Kb2 Bxd5 39. Rxd5 Rxa3 40. Kxa3 Kf7 41. Rd6 Ke7 42. Rxa6 Rxd7 43. Kb3 h5 44. Kc3 Rd1 45. h3 h4 46. Rb6 Kf7 47. Ra6 g5 48. Ra2 Kg6 49. Rd2 Re1 50. Kd3 Kf5 51. Re2 Rf1 52. Ke3 Ke5 53. Rb2 Kf5 54. Ra2 Re1+ 55. Kf2 Re5 56. Ra4 Rd5 57. Kg1 Re5 58. Kh2 Rd5 59. Rg4 Re5 60. f4 Re4 61. fxg5 fxg5 62. Rxe4 Kxe4 63. g3 Kf3 64. gxh4 gxh4 65. Kh1 Kg3 66. Kg1 Kxh3 67. Kh1 Kg3 68. Kg1 Kh3 69. Kh1 Kg3 70. Kg1 Kh3 1/2-1/2


[Site "https://www.chess.com"]

[Event "Titled Tuesday Blitz November 15 Early 2022"]
[White "Saravana, Krishnan P."]
[Black "Chernov, Mikhail"]
[WhiteFideId "5018382"]
[BlackFideId "24143170"]
[WhiteElo "2155"]
[BlackElo "2113"]
[Result "0-1"]
[Round "06"]
[TimeControl "180+1"]
[Date "2022.11.16"]
[WhiteClock "0:00:01"]
[BlackClock "0:00:10"]

1. e4 c5 2. Nf3 Nc6 3. Bb5 g6 4. c3 Bg7 5. d4 cxd4 6. cxd4 Qb6 7. Nc3 Nxd4 8. Nd5 Nxf3+ 9. Qxf3 Qd8 10. Bf4 Qa5+ 11. b4 Qd8 12. Rc1 Kf8 13. O-O d6 14. Rc2 Nf6 15. Nc7 Rb8 16. Rfc1 Bd7 17. Bxd7 Qxd7 18. e5 dxe5 19. Bxe5 Rd8 20. h3 Nd5 21. Bxg7+ Kxg7 22. Nxd5 Qxd5 23. Qe3 Qd6 24. Qxa7 Qxb4 25. Qe3 Rhe8 26. Rc7 b5 27. Qe5+ f6 28. Qe3 Qd6 29. R7c6 Qd5 30. Qc3 Rd7 31. Qb4 Qxa2 32. Qxb5 Rd2 33. Rxf6 Red8 34. Rf3 Qe6 0-1


[Site "https://www.chess.com"]

[Event "Titled Tuesday Blitz November 15 Early 2022"]
[White "Sariego Figueredo, Wilfredo"]
[Black "Smietanska, Wiktoria"]
[WhiteFideId "3500080"]
[BlackFideId "21869359"]
[WhiteElo "2309"]
[BlackElo "1695"]
[Result "1-0"]
[Round "06"]
[TimeControl "180+1"]
[Date "2022.11.16"]
[WhiteClock "0:00:43"]
[BlackClock "0:00:03"]

1. d4 Nf6 2. Bf4 d5 3. e3 c5 4. c3 Nc6 5. Nf3 Qb6 6. b3 Bg4 7. Be2 e6 8. h3 Bh5 9. Nbd2 Be7 10. O-O O-O 11. Ne5 Bxe2 12. Qxe2 Nxe5 13. Bxe5 Rac8 14. c4 cxd4 15. Bxd4 Qa6 16. Qf3 dxc4 17. Nxc4 b5 18. Ne5 Rfd8 19. a4 b4 20. Rac1 Rxc1 21. Rxc1 Bd6 22. Nc4 Rc8 23. Rd1 Be7 24. Be5 Nd5 25. e4 Nb6 26. Nxb6 Qxb6 27. Qg4 f6 28. Bd4 Bf8 29. Bxb6 1-0


[Site "https://www.chess.com"]

[Event "Titled Tuesday Blitz November 15 Early 2022"]
[White "Shimanov, Aleksandr"]
[Black "Hambleton, Aman"]
[WhiteFideId "4198603"]
[BlackFideId "2606577"]
[WhiteElo "2605"]
[BlackElo "2538"]
[Result "1-0"]
[Round "06"]
[TimeControl "180+1"]
[Date "2022.11.16"]
[WhiteClock "0:00:05"]
[BlackClock "0:00:02"]

1. e4 e6 2. d4 d5 3. Nc3 Bb4 4. Ne2 Nc6 5. a3 Ba5 6. b4 Bb6 7. Be3 Nf6 8. e5 Ng4 9. Qd2 f6 10. exf6 Qxf6 11. Rd1 O-O 12. f4 Nxe3 13. Qxe3 Bd7 14. g3 h6 15. Bh3 Rae8 16. Qd3 Ne7 17. O-O Qf7 18. Kh1 Nf5 19. Nb1 a5 20. Nd2 axb4 21. axb4 Ra8 22. Nf3 Nd6 23. Ne5 Qe8 24. Nc3 Ne4 25. Nxe4 dxe4 26. Qxe4 c6 27. c4 Bc8 28. Rfe1 Ra3 29. d5 1-0


[Site "https://www.chess.com"]

[Event "Titled Tuesday Blitz November 15 Early 2022"]
[White "Shipov, Sergei"]
[Black "Tomb, Maroun"]
[WhiteFideId "4113624"]
[BlackFideId "5300398"]
[WhiteElo "2769"]
[BlackElo "2548"]
[Result "1-0"]
[Round "06"]
[TimeControl "180+1"]
[Date "2022.11.16"]
[WhiteClock "0:01:08"]
[BlackClock "0:00:14"]

1. d4 Nf6 2. c4 b5 3. cxb5 a6 4. e3 d5 5. Nf3 e6 6. Nc3 Nbd7 7. a4 Bd6 8. Bd3 O-O 9. O-O axb5 10. Nxb5 Ba6 11. Nxd6 cxd6 12. Bxa6 Rxa6 13. b4 Ne4 14. b5 Ra7 15. Bd2 Nb6 16. Bb4 Qa8 17. a5 Nc4 18. Qa4 Rb8 19. Rfb1 Qb7 20. Be1 g5 21. h3 h5 22. b6 Ra6 23. Qb5 g4 24. hxg4 hxg4 25. Nh2 f5 26. Nf1 Rba8 27. f3 gxf3 28. Ra2 fxg2 29. Rxg2+ Kf7 30. Ng3 Nxg3 31. Rxg3 Nxa5 32. Qe2 Rh8 33. Qg2 Kf8 34. Bxa5 Rxa5 35. Rg6 Ra8 36. Rf6+ Ke8 37. Qg6+ Kd8 38. Rxe6 Qh7 39. Re8+ 1-0


[Site "https://www.chess.com"]

[Event "Titled Tuesday Blitz November 15 Early 2022"]
[White "Shohat, Yotam"]
[Black "Ovchinnikov, Vsevolod"]
[WhiteFideId "2813955"]
[BlackFideId "24176842"]
[WhiteElo "2216"]
[BlackElo "2376"]
[Result "0-1"]
[Round "06"]
[TimeControl "180+1"]
[Date "2022.11.16"]
[WhiteClock "0:00:04"]
[BlackClock "0:00:12"]

1. c4 e5 2. Nc3 g6 3. d4 Nc6 4. d5 Nce7 5. e4 d6 6. h4 h5 7. Bg5 Bh6 8. Qd2 f6 9. Bxh6 Nxh6 10. O-O-O Kf8 11. Kb1 Kg7 12. f3 Bd7 13. Bd3 Qg8 14. Nge2 Qh7 15. Qe3 b6 16. Rc1 a6 17. Ka1 Nf7 18. g3 Qh6 19. Qxh6+ Nxh6 20. a3 Rhf8 21. b4 f5 22. c5 fxe4 23. Bxe4 Rf6 24. cxb6 cxb6 25. Nb1 Ra7 26. Rc3 Rf8 27. Rhc1 Rc8 28. Rxc8 Bxc8 29. Nbc3 Bd7 30. a4 Rc7 31. Kb2 Nhg8 32. Bd3 a5 33. bxa5 bxa5 34. Bb5 Nf6 35. Bxd7 Rxd7 36. Nb5 Nfxd5 37. Rd1 Kf6 38. Kb3 Ke6 39. Rc1 Nb4 40. Nec3 d5 41. Na2 Nbc6 42. Rc5 Rb7 43. Nc1 Nd4+ 44. Kc3 Nxb5+ 45. axb5 Kd6 46. Nd3 e4 47. fxe4 dxe4 48. Rc4 exd3 49. Kxd3 Rxb5 50. Rd4+ Rd5 0-1


[Site "https://www.chess.com"]

[Event "Titled Tuesday Blitz November 15 Early 2022"]
[White "Shuvalov, Evgenij"]
[Black "Zhigalko, Sergei"]
[WhiteFideId "4187237"]
[BlackFideId "13502956"]
[WhiteElo "2049"]
[BlackElo "2662"]
[Result "0-1"]
[Round "06"]
[TimeControl "180+1"]
[Date "2022.11.16"]
[WhiteClock "0:00:13"]
[BlackClock "0:00:08"]

1. d4 Nf6 2. c4 e6 3. Nf3 b6 4. g3 Ba6 5. Nbd2 Bb4 6. Qc2 Bb7 7. Bg2 Be4 8. Qb3 Bxd2+ 9. Bxd2 O-O 10. O-O d6 11. Rfd1 Nbd7 12. Bc3 h6 13. Bh3 Re8 14. Ne1 Bb7 15. f3 d5 16. Nd3 a5 17. cxd5 exd5 18. Qc2 Qe7 19. Ne5 c5 20. f4 Nf8 21. Bg2 Ne6 22. e3 Rad8 23. Qb3 Qc7 24. Rac1 c4 25. Qc2 Ne4 26. Bxe4 dxe4 27. b3 cxb3 28. Qxb3 Bd5 29. Qb2 Qb7 30. Rb1 Rc8 31. Rdc1 f6 32. Ng4 Rc6 33. Bxa5 bxa5 34. Rxc6 Qxc6 35. Nf2 Rc8 36. Qa3 a4 37. h4 Qc3 38. Qd6 Qc6 39. Qa3 Kh7 40. f5 Nc7 41. Rc1 Qd7 42. Rc5 Qxf5 43. Qc1 Qd7 44. Kh2 Bb7 45. Qc2 f5 46. Nh3 Nd5 47. Nf4 Nxe3 48. Qc1 Rxc5 49. Qxc5 Nd5 50. Nh5 e3 51. Qc2 Qe6 52. Qe2 Qe4 53. Kh3 Nf6 54. Nf4 Qh1+ 55. Qh2 Qxh2+ 56. Kxh2 Bf3 57. Kg1 Ne4 58. Kf1 Nxg3+ 59. Ke1 g5 60. hxg5 hxg5 61. Ne6 Kg6 62. Nc5 f4 63. Nxa4 Bh5 64. Nc3 f3 65. Nd1 Nf5 66. Nf2 exf2+ 67. Kxf2 g4 68. d5 g3+ 69. Kg1 f2+ 70. Kg2 Bf3+ 71. Kxf3 f1=Q+ 72. Ke4 g2 73. Ke5 Qe2+ 74. Kf4 Qe3+ 75. Kg4 g1=Q# 0-1


[Site "https://www.chess.com"]

[Event "Titled Tuesday Blitz November 15 Early 2022"]
[White "Shuvalova, Polina"]
[Black "Ahn, Hongjin"]
[WhiteFideId "24171760"]
[BlackFideId "13201492"]
[WhiteElo "2342"]
[BlackElo "2182"]
[Result "0-1"]
[Round "06"]
[TimeControl "180+1"]
[Date "2022.11.16"]
[WhiteClock "0:00:01"]
[BlackClock "0:00:06"]

1. d4 d5 2. Nf3 e6 3. Bf4 c5 4. e3 Nc6 5. Nbd2 Nf6 6. c3 Be7 7. Bd3 Nh5 8. Be5 f6 9. Bg3 g6 10. Qe2 Qb6 11. dxc5 Qxb2 12. O-O Nxg3 13. hxg3 Qxc3 14. Rfc1 Qa5 15. e4 O-O 16. Nb3 Qc7 17. Re1 d4 18. e5 fxe5 19. Qe4 Bf6 20. Rac1 Nb4 21. Bc4 Nxa2 22. Ra1 Nc3 23. Qc2 b5 24. Bd3 Bb7 25. Nbd2 a6 26. g4 Qxc5 27. Bxg6 Qe7 28. Bd3 Qg7 29. g5 Bxg5 30. Bxh7+ Kh8 31. Nxg5 Qxg5 32. Be4 Nxe4 33. Nxe4 Qg6 34. Qd3 Rf4 35. Qh3+ Kg7 36. Ng3 Rh8 0-1


[Site "https://www.chess.com"]

[Event "Titled Tuesday Blitz November 15 Early 2022"]
[White "Skliarov, Viktor"]
[Black "Fiol, Fabrice"]
[WhiteFideId "14106736"]
[BlackFideId "611670"]
[WhiteElo "2284"]
[BlackElo "2414"]
[Result "1-0"]
[Round "06"]
[TimeControl "180+1"]
[Date "2022.11.16"]
[WhiteClock "0:00:27"]
[BlackClock "0:00:57"]

1. e4 c5 2. Nf3 e6 3. c3 Qc7 4. d4 d6 5. Bf4 Nd7 6. Nbd2 e5 7. dxe5 Nxe5 8. Nxe5 dxe5 9. Bb5+ Bd7 10. Bxe5 Qxe5 11. Bxd7+ Ke7 12. Bh3 Rd8 13. Qb3 Nf6 14. Qxb7+ Nd7 15. O-O-O g6 16. Nc4 Bh6+ 17. Kb1 Qb8 18. Rxd7+ Rxd7 19. Qxd7+ Kf8 20. Qd6+ Kg7 21. Qxb8 Rxb8 22. Kc2 Bf4 23. g3 Bc7 24. f4 h5 25. Rd1 h4 26. Rd7 Bd8 27. Be6 hxg3 28. hxg3 Kh6 29. Bxf7 g5 30. Ne3 gxf4 31. gxf4 Bf6 32. Nf5+ Kh7 33. e5 Bg7 34. Bh5 c4 35. Rxg7+ Kh8 36. Re7 a5 37. Re8+ Kh7 38. Rxb8 a4 39. Rb7+ Kh8 40. Bg6 a3 41. Rb8# 1-0


[Site "https://www.chess.com"]

[Event "Titled Tuesday Blitz November 15 Early 2022"]
[White "Sourath Biswas"]
[Black "Fernandez Siles, Luis"]
[WhiteFideId "35091484"]
[BlackFideId "2209420"]
[WhiteElo "2164"]
[BlackElo "2186"]
[Result "1-0"]
[Round "06"]
[TimeControl "180+1"]
[Date "2022.11.16"]
[WhiteClock "0:01:36"]
[BlackClock "0:00:30"]

1. d4 Nf6 2. Bf4 g6 3. Nc3 d5 4. e3 Bg7 5. h4 h5 6. Nf3 Bg4 7. Qd2 Bxf3 8. gxf3 c6 9. e4 e6 10. O-O-O Qa5 11. Bd6 Na6 12. Kb1 O-O-O 13. e5 Ne8 14. Ba3 Bf8 15. Bxf8 Rxf8 16. a3 Nac7 17. Ka2 Ng7 18. b4 Qb6 19. Na4 Na8 20. Nxb6+ Nxb6 21. Kb3 Kc7 22. a4 a5 23. bxa5 Nd7 24. a6 bxa6 25. Qa5+ Nb6 26. c4 dxc4+ 27. Bxc4 Rb8 28. Kc3 Kd7 29. Rb1 1-0


[Site "https://www.chess.com"]

[Event "Titled Tuesday Blitz November 15 Early 2022"]
[White "Sowul, Bartosz"]
[Black "Leve, Nitai"]
[WhiteFideId "1137590"]
[BlackFideId "2006898"]
[WhiteElo "2188"]
[BlackElo "2144"]
[Result "1/2-1/2"]
[Round "06"]
[TimeControl "180+1"]
[Date "2022.11.16"]
[WhiteClock "0:00:05"]
[BlackClock "0:00:05"]

1. e4 e6 2. d4 d5 3. Nc3 Nf6 4. e5 Nfd7 5. f4 c5 6. Nf3 Nc6 7. Be3 cxd4 8. Nxd4 Bc5 9. Qd2 a6 10. O-O-O O-O 11. h4 Bxd4 12. Bxd4 b5 13. Kb1 Nxd4 14. Qxd4 Qc7 15. h5 Bb7 16. Bd3 Qc5 17. Ne2 Rfc8 18. Rh3 b4 19. b3 a5 20. Qxc5 Rxc5 21. Nd4 a4 22. bxa4 Nb6 23. Nb3 Rc7 24. Bb5 Ba6 25. a5 Bxb5 26. axb6 Rb7 27. Rd4 Bc4 28. h6 g6 29. Nd2 Bxa2+ 30. Kb2 Rxb6 31. g4 Kf8 32. f5 exf5 33. gxf5 gxf5 34. Nf3 Bc4 35. Ng5 Raa6 36. Nxh7+ Ke7 37. Nf6 Ra8 38. h7 Rh8 39. Rxc4 dxc4 40. Nd5+ Ke6 41. Nxb6 Kxe5 42. Nxc4+ Kf4 43. Kb3 Kg4 44. Rh1 f6 45. Kxb4 f4 46. Nd2 f3 47. c4 Kg3 48. Kc3 Kg2 49. Rh6 f2 50. Rg6+ Kh2 51. Rxf6 Kg1 52. Rg6+ Kh1 53. Rh6+ Kg1 54. Rf6 Rxh7 55. Rg6+ Kh1 56. Rf6 Kg1 57. Nf3+ Kg2 58. Nd2 Rh3+ 59. Kd4 Rh7 60. Kc3 Rd7 61. Ne4 f1=Q 62. Rxf1 Kxf1 63. c5 Rc7 64. Kc4 Ke2 65. Kd5 Ke3 66. Nd6 Rxc5+ 67. Kxc5 1/2-1/2


[Site "https://www.chess.com"]

[Event "Titled Tuesday Blitz November 15 Early 2022"]
[White "Storey, Charles H"]
[Black "Deev, Andrei"]
[WhiteFideId "406686"]
[BlackFideId "4102690"]
[WhiteElo "2252"]
[BlackElo "2286"]
[Result "1-0"]
[Round "06"]
[TimeControl "180+1"]
[Date "2022.11.16"]
[WhiteClock "0:01:36"]
[BlackClock "0:00:47"]

1. e4 d5 2. exd5 Qxd5 3. Nc3 Qa5 4. Bc4 Nf6 5. d3 c6 6. Bd2 Qb6 7. Qe2 e6 8. O-O-O Bb4 9. a3 Be7 10. f4 Nbd7 11. Nf3 O-O 12. Bxe6 Bxa3 13. bxa3 fxe6 14. Qxe6+ Kh8 15. Ng5 h6 16. Nf7+ Kh7 17. Qf5+ Kg8 18. Nxh6+ gxh6 19. Qg6+ Kh8 20. Ne4 Nh7 21. Bc3+ Ndf6 22. Nxf6 Nxf6 23. Bxf6+ Rxf6 24. Qxf6+ Kh7 25. Rhe1 1-0


[Site "https://www.chess.com"]

[Event "Titled Tuesday Blitz November 15 Early 2022"]
[White "Szente Varga, Fruzsina"]
[Black "Hajiyev, Kanan"]
[WhiteFideId "712264"]
[BlackFideId "13404148"]
[WhiteElo "1994"]
[BlackElo "2118"]
[Result "0-1"]
[Round "06"]
[TimeControl "180+1"]
[Date "2022.11.16"]
[WhiteClock "0:00:09"]
[BlackClock "0:00:16"]

1. e4 c6 2. d4 d5 3. Nc3 a6 4. exd5 cxd5 5. Bd3 Nc6 6. Nge2 Bg4 7. Be3 e6 8. h3 Bh5 9. O-O Nf6 10. Qd2 Bd6 11. Ng3 Bg6 12. Nce2 Qc7 13. c3 O-O 14. f4 b5 15. Rf3 Ne4 16. Bxe4 Bxe4 17. Nxe4 dxe4 18. Rg3 Ne7 19. Rg4 Rab8 20. Ng3 f5 21. Rg5 g6 22. Ne2 b4 23. h4 bxc3 24. Nxc3 Nd5 25. Nxd5 exd5 26. Rc1 Qb6 27. b3 Be7 28. Rg3 Bxh4 29. Rh3 Bf6 30. Kf2 Qb4 31. Qxb4 Rxb4 32. Rc7 h5 33. Rg3 Bh4 34. Rc6 Bxg3+ 35. Kxg3 a5 36. Rxg6+ Kf7 37. Rh6 a4 38. bxa4 Rxa4 39. Rxh5 Kg6 40. Rg5+ Kf6 41. Bd2 Ra3+ 42. Kh2 Rh8+ 43. Kg1 Rxa2 44. Bb4 e3 45. Bd6 Ra1# 0-1


[Site "https://www.chess.com"]

[Event "Titled Tuesday Blitz November 15 Early 2022"]
[White "Szpar, Milosz"]
[Black "Avila Rodriguez, Joshua Ad"]
[WhiteFideId "1184989"]
[BlackFideId "5126444"]
[WhiteElo "2422"]
[BlackElo "2125"]
[Result "1-0"]
[Round "06"]
[TimeControl "180+1"]
[Date "2022.11.16"]
[WhiteClock "0:00:08"]
[BlackClock "0:00:02"]

1. e4 c5 2. Nf3 d6 3. d4 cxd4 4. Nxd4 Nf6 5. Nc3 a6 6. Rg1 e5 7. Nb3 h5 8. Bg5 Be6 9. Bxf6 Qxf6 10. Nd5 Qd8 11. a4 Nd7 12. a5 Rc8 13. Be2 Nf6 14. Nb6 Rc6 15. Bf3 g6 16. Qd3 Bh6 17. Nc1 O-O 18. Ne2 d5 19. exd5 Bf5 20. Qb3 Rxc2 21. Ng3 Qc7 22. Nxf5 gxf5 23. Bd1 Rd2 24. Qh3 Ng4 25. Bxg4 fxg4 26. Qxh5 Qc5 27. Rf1 Rxb2 28. Qxg4+ Kh8 29. Qc4 Qe7 30. Kd1 Qg5 31. Qc3 Rd2+ 32. Ke1 Qf5 33. f3 Rd8 34. Rf2 Rd4 35. Kf1 Bg5 36. Re1 Kg7 37. Kg1 f6 38. Rfe2 1-0


[Site "https://www.chess.com"]

[Event "Titled Tuesday Blitz November 15 Early 2022"]
[White "Taboas Rodriguez, Daniel"]
[Black "Sanchez, Robert"]
[WhiteFideId "2208466"]
[BlackFideId "2034360"]
[WhiteElo "2329"]
[BlackElo "2309"]
[Result "1-0"]
[Round "06"]
[TimeControl "180+1"]
[Date "2022.11.16"]
[WhiteClock "0:00:29"]
[BlackClock "0:00:17"]

1. d4 d5 2. Nf3 e6 3. c4 Nf6 4. Bg5 Be7 5. e3 O-O 6. Nc3 c6 7. Bd3 Nbd7 8. O-O b6 9. Qe2 Bb7 10. Rac1 h6 11. Bh4 dxc4 12. Bxc4 c5 13. Rfd1 cxd4 14. Nxd4 Nd5 15. Bxd5 exd5 16. Bxe7 Qxe7 17. Nf5 Qe6 18. Nxd5 Bxd5 19. Rxd5 Nf6 20. Rb5 a6 21. Nd4 Qxa2 22. Rxb6 Rfe8 23. h3 Nd5 24. Rd6 a5 25. Qc4 Qxc4 26. Rxc4 Nb4 27. Rd7 Nd3 28. Rcc7 Rf8 29. Rb7 Rab8 30. Rxf7 Rxb7 31. Rxb7 Rxf2 32. Rb3 Rd2 33. Nf3 Rd1+ 34. Kh2 Nb4 35. e4 Rd3 36. Rxd3 Nxd3 37. b3 Nc5 38. Nd4 Nxe4 39. Nc6 Kf7 40. Nxa5 Ke6 41. h4 Kd6 42. Kh3 Kc5 43. Kg4 Kb4 44. Nc6+ Kxb3 45. Kf5 Nd6+ 46. Kg6 Kc3 1-0


[Site "https://www.chess.com"]

[Event "Titled Tuesday Blitz November 15 Early 2022"]
[White "Tanenbaum, Zachary"]
[Black "Gholami Orimi, Mahdi"]
[WhiteFideId "2060850"]
[BlackFideId "12558486"]
[WhiteElo "2175"]
[BlackElo "2330"]
[Result "0-1"]
[Round "06"]
[TimeControl "180+1"]
[Date "2022.11.16"]
[WhiteClock "0:02:38"]
[BlackClock "0:01:05"]

1. e4 c5 2. Nf3 Nc6 3. Nc3 g6 4. d4 cxd4 5. Nxd4 Bg7 6. Be3 d6 7. f3 Bd7 8. g4 h5 9. g5 Qa5 10. Qd2 Nxd4 11. Bxd4 Bxd4 12. Qxd4 Qe5 13. Qd2 h4 0-1


[Site "https://www.chess.com"]

[Event "Titled Tuesday Blitz November 15 Early 2022"]
[White "Terry, Renato"]
[Black "Ozen, Bahadir"]
[WhiteFideId "3803457"]
[BlackFideId "6337058"]
[WhiteElo "2577"]
[BlackElo "2503"]
[Result "1/2-1/2"]
[Round "06"]
[TimeControl "180+1"]
[Date "2022.11.15"]
[WhiteClock "0:00:32"]
[BlackClock "0:00:10"]

1. Nf3 d5 2. b3 Bf5 3. Bb2 e6 4. d3 h6 5. Nbd2 Bh7 6. g3 Nf6 7. Bg2 Be7 8. O-O O-O 9. e3 a5 10. a4 Na6 11. Ne5 Nd7 12. f4 Nxe5 13. Bxe5 Nb4 14. Nf3 c5 15. Qe2 Rc8 16. Rad1 Qe8 17. e4 d4 18. Bh3 Nc6 19. Rde1 Kh8 20. f5 exf5 21. exf5 Nxe5 22. Nxe5 Bg5 23. Nc4 Qd7 24. Nb6 Qc6 25. Nxc8 Be3+ 26. Rf2 Qxc8 27. Qf3 Re8 28. Kf1 Bxf2 29. Rxe8+ Qxe8 30. Kxf2 b6 31. f6 Bg6 32. Kf1 Qe5 33. fxg7+ Kxg7 34. Bg4 h5 35. Bh3 Qg5 36. Qf4 Qxf4+ 37. gxf4 Kf6 38. Kf2 Bf5 39. Bg2 Bg4 40. h4 Bd1 41. Bd5 Kf5 42. Ke1 Bg4 43. Bxf7 Kxf4 44. Kf2 Bd1 45. Ke1 Bg4 46. Kf2 Bd1 47. Ke1 Bg4 1/2-1/2


[Site "https://www.chess.com"]

[Event "Titled Tuesday Blitz November 15 Early 2022"]
[White "Thorhallsson, Simon"]
[Black "Grigorov, Grigor"]
[WhiteFideId "2310090"]
[BlackFideId "2907313"]
[WhiteElo "2109"]
[BlackElo "2510"]
[Result "0-1"]
[Round "06"]
[TimeControl "180+1"]
[Date "2022.11.16"]
[WhiteClock "0:00:11"]
[BlackClock "0:00:34"]

1. Nf3 Nf6 2. g3 b6 3. Bg2 Bb7 4. O-O e6 5. d3 d5 6. Nbd2 Nbd7 7. e4 dxe4 8. Ng5 Nc5 9. Ngxe4 Nfxe4 10. Nxe4 Nxe4 11. Bxe4 Bxe4 12. dxe4 Qxd1 13. Rxd1 Bd6 14. Be3 f5 15. exf5 exf5 16. Rd5 O-O 17. Rad1 Rae8 18. a4 f4 19. gxf4 Bxf4 20. Bxf4 Rxf4 21. R5d4 Rf7 22. Rd7 Re1+ 23. Kg2 Rxd1 24. Rxd1 g6 25. Kg3 Kg7 26. Rd8 a5 27. Rc8 Kf6 28. Kf4 Ke6+ 29. Ke4 Kd7 30. Rh8 Kd6 31. f4 Re7+ 32. Kd3 Kc5 33. c3 Rd7+ 34. Kc2 Rf7 35. Kb3 Kd6 36. Ka3 Kd5 37. b4 Kc4 38. bxa5 bxa5 39. Ra8 Rf5 40. Ra7 Rc5 41. Kb2 Kd3 42. Ra6 Ke4 43. Rf6 Rh5 44. Rc6 Rxh2+ 45. Kb3 Kxf4 46. Rxc7 g5 47. Rc5 g4 48. Rxa5 g3 49. Ra8 Rh5 50. Rf8+ Rf5 51. Rg8 Rg5 52. Rf8+ Ke3 53. Rf1 g2 54. Ra1 g1=Q 55. Rxg1 Rxg1 56. a5 Kd3 57. a6 Ra1 0-1


[Site "https://www.chess.com"]

[Event "Titled Tuesday Blitz November 15 Early 2022"]
[White "Timofeev, Artyom"]
[Black "Ince, Taylan Ruzgar"]
[WhiteFideId "4140419"]
[BlackFideId "44513089"]
[WhiteElo "2586"]
[BlackElo "2147"]
[Result "1-0"]
[Round "06"]
[TimeControl "180+1"]
[Date "2022.11.16"]
[WhiteClock "0:00:19"]
[BlackClock "0:00:17"]

1. d4 Nf6 2. Bf4 g6 3. Nc3 d5 4. Qd2 Bg7 5. Bh6 Bxh6 6. Qxh6 c5 7. e3 Nc6 8. O-O-O cxd4 9. exd4 Bf5 10. f3 Qa5 11. g4 Be6 12. Nge2 O-O-O 13. Kb1 Kb8 14. Nf4 Bc8 15. Nd3 Ne8 16. Qf4+ Nd6 17. Ne5 Rhf8 18. h4 f6 19. Nxc6+ bxc6 20. Re1 Qc7 21. Na4 Rde8 22. Qd2 e5 23. Nc5 exd4 24. Rd1 Qb6 25. Qxd4 Re5 26. Bd3 Nb7 27. Na6+ Ka8 28. Qa4 Rfe8 29. h5 gxh5 30. gxh5 f5 31. a3 Bd7 32. Qb4 c5 33. Qxb6 axb6 34. Nc7+ Kb8 35. Nxe8 Bxe8 36. Rde1 Rxe1+ 37. Rxe1 Bxh5 38. f4 Bg4 39. Re8+ Kc7 40. Re7+ Kc6 41. Rxh7 Nd6 42. c3 c4 43. Bc2 b5 44. Kc1 Kc5 45. Kd2 d4 46. cxd4+ Kxd4 47. Rh6 Nb7 48. Rf6 Nc5 49. Bxf5 Nb3+ 50. Ke1 Bf3 51. Bc2 Na1 52. Bd1 c3 53. bxc3+ Kxc3 54. Bxf3 1-0


[Site "https://www.chess.com"]

[Event "Titled Tuesday Blitz November 15 Early 2022"]
[White "Todorovic, Bojan"]
[Black "Garcia Ramos, Daniel"]
[WhiteFideId "917087"]
[BlackFideId "32010311"]
[WhiteElo "2266"]
[BlackElo "2357"]
[Result "0-1"]
[Round "06"]
[TimeControl "180+1"]
[Date "2022.11.16"]
[WhiteClock "0:00:16"]
[BlackClock "0:00:15"]

1. d4 d5 2. c4 e6 3. Nf3 Nf6 4. g3 Bb4+ 5. Bd2 Be7 6. Bg2 O-O 7. O-O c6 8. Qc2 Nbd7 9. Bf4 c5 10. dxc5 Nxc5 11. Rd1 Bd7 12. Ne5 Rc8 13. Nc3 dxc4 14. Nxc4 Na4 15. Nxa4 b5 16. Bb7 Rxc4 17. Nc3 b4 18. Qb3 Rxf4 19. gxf4 bxc3 20. Qxc3 Qb8 21. Qf3 Bb5 22. e3 Be2 23. Qxe2 Qxb7 24. Rac1 g6 25. b3 Nd5 26. Rc4 Bf6 27. Qf3 Qb6 28. Kg2 Kg7 29. Qe4 Nc3 30. Rxc3 Bxc3 31. Rd7 Bf6 32. Rb7 Qa6 33. a4 h5 34. h3 Rd8 35. Qb4 Rd1 36. Qb5 Qxb5 37. Rxb5 Bc3 38. Kf3 a5 39. Kg2 Bb4 40. Rb7 Rd3 41. Kf3 Rxb3 42. Ke4 Ra3 43. Ke5 Rxa4 44. e4 Bc3+ 45. Kd6 Rxe4 46. Ke7 Rxf4 0-1


[Site "https://www.chess.com"]